 Dungeon Crawl Stone Soup version 0.20.1-1-g8b1a95d (webtiles) character file.

32 Lennu the Skirmisher (level 3, -1/31 HPs)
             Began as a Draconian Fighter on July 13, 2017.
             Slain by a goblin (3 damage)
             ... led by Robin
             ... on level 1 of the Dungeon.
             The game lasted 00:02:04 (1087 turns).

Lennu the Skirmisher (Draconian Fighter)            Turns: 1087, Time: 00:02:05

Health: -1/31      AC:  5    Str: 18    XL:     3   Next: 8%
Magic:  3/3        EV: 10    Int:  8    God:
Gold:   66         SH:  9    Dex: 11    Spells: 2/2 levels left

rFire    . . .     SeeInvis .   a - +0 long sword
rCold    . . .     Gourm    .   b - +0 shield
rNeg     . . .     Faith    .   (armour unavailable)
rPois    .         Spirit   .   (helmet restricted)
rElec    .         Reflect  .   (no cloak)
rCorr    .         Harm     .   (no gloves)
MR       .....                  (no boots)
Stlth    +.........             (no amulet)
Regen    0.1/turn               (no ring)
MPRegen  0.1/turn               (no ring)

@: no status effects
A: unfitting armour, cold-blooded, AC +5
a: no special abilities


You were on level 1 of the Dungeon.
You were not hungry.

You visited 1 branch of the dungeon, and saw 2 of its levels.

You collected 66 gold pieces.

Inventory:

Hand Weapons
 a - a +0 long sword (weapon)
Armour
 b - a +0 shield (worn)
Scrolls
 e - 2 scrolls of teleportation {unknown}
 j - a scroll of enchant weapon {unknown}
 l - a scroll of blinking {unknown}
 m - a scroll of noise {unknown}
 n - a scroll of remove curse {unknown}
Potions
 c - 2 potions of might
 i - a potion of ambrosia {unknown}
 k - a potion of berserk rage {unknown}
Comestibles
 d - 2 bread rations
 f - a chunk of flesh
 g - 3 fruits
 h - a royal jelly


   Skills:
 + Level 3.6 Fighting
 + Level 2.2 Long Blades
 + Level 3.2 Dodging
 + Level 3.3 Shields


You had 2 spell levels left.
You didn't know any spells.

Dungeon Overview and Level Annotations

Branches:
Dungeon (2/15)

Altars:
Elyvilon

Annotations:
D:2 Robin


Innate Abilities, Weirdness & Mutations

Your plain brown scales are hard. (AC +5)
You cannot fit into any form of body armour.
You are cold-blooded and may be slowed by cold attacks.


Message History

The goblin no longer looks unusually strong.
The hobgoblin no longer looks unusually strong.
The goblin no longer looks unusually strong.
You block the goblin's attack.
The hobgoblin moves out of view.
You climb upwards.
There is a stone staircase leading down here.
You hit the goblin but do no damage.
The goblin is severely wounded.
The goblin no longer looks unusually strong.
You block the goblin's attack. The goblin hits you but does no damage.
The goblin closely misses you.
Your shield prevents you from hitting the goblin.
The goblin is severely wounded.
You block the goblin's attack. The goblin hits you.
* * * LOW HITPOINT WARNING * * *
You block the goblin's attack.
You miss the goblin.
The goblin is severely wounded.
The goblin hits you.
You die...

#...........##############
#.######..................
#...........######.#######
########..#......#...#
#..#.####.###.#####
#..#....#.##......#
#.......#.##.####.#
##g####...##.####.#
#@g..'...........'
###########...##.####.#
#........###.....####.#
#........##......)....#
#........##...........#
#........##).........##
#............#'#####...
#............#.# #...
#........###.#.# #...


You could see 2 goblins.

Vanquished Creatures
  A giant cockroach (D:1)
  4 hobgoblins (D:1)
  4 jackals (D:1)
  5 bats (D:1)
  4 frilled lizards (D:1)
  4 goblins (D:1)
  5 kobolds (D:1)
  4 rats
31 creatures vanquished.

Notes
Turn   | Place    | Note
-------+----------+-------------------------------------------
     0 | D:1      | Lennu the Draconian Fighter began the quest for the Orb.
     0 | D:1      | Reached XP level 1. HP: 19/19 MP: 1/1
   120 | D:1      | Reached XP level 2. HP: 21/26 MP: 2/2
   765 | D:1      | Reached XP level 3. HP: 30/31 MP: 3/3
  1051 | D:2      | Found a white marble altar of Elyvilon.
  1061 | D:2      | Noticed Robin
  1087 | D:1      | Slain by a goblin

Skill      XL: |  1  2 |
---------------+-------+-----
Dodging        | 3 |  3.2
Fighting       | |  3.6
Long Blades    | |  2.2
Shields        | |  3.3

Action                   || total
-------------------------++-------
Melee: Long sword        ||    80
       Tailslap          ||     8
 Stab: Sleeping          ||     1
  Eat: Chunk             ||     1
Armor: Skin              ||    31
Dodge: Dodged            ||    47
Block: Shield            ||    70
       Rpst.: Long sword ||    13
